 Dungeon Crawl Stone Soup version 0.18.1-48-g4cf74bf (webtiles) character file.

41 Iskender the Conjurer (level 3, -3/24 HPs)
             Began as a Mummy Conjurer on Aug 10, 2016.
             Slain by an adder (5 damage)
             ... on level 1 of the Dungeon.
             The game lasted 00:10:23 (1523 turns).

Iskender the Conjurer (Mummy Conjurer)              Turns: 1523, Time: 00:10:24

Health: -3/24      AC:  4    Str: 11    XL:     3   Next: 32%
Magic:  0/6        EV: 11    Int: 15    God:
Gold:   60         SH:  0    Dex: 12    Spells: 2 memorised, 3 levels left

rFire  x . .     SeeInvis .     c - -2 mace
rCold  + . .     Gourm    .     e - +0 leather armour
rNeg   + + +     Faith    .     (no shield)
rPois  ∞         Spirit   .     (no helmet)
rElec  .         Dismiss  .     (no cloak)
rCorr  .         Reflect  .     (no gloves)
SustAt .         Harm     .     f - +0 pair of boots
MR     .....                    (no amulet)
Stlth  ++........               (no ring)
                                (no ring)

@: not resistant to hostile enchantments, unstealthy
A: no food or potions, fire vulnerability, cold resistance 1, negative energy
resistance 3, torment resistance, unbreathing
a: no special abilities


You were on level 1 of the Dungeon.
You were not hungry.

You visited 1 branch of the dungeon, and saw 2 of its levels.

You collected 60 gold pieces.

Inventory:

Hand Weapons
 c - a -2 mace (weapon)
Missiles
 d - 42 stones (quivered)
Armour
 a - a +0 robe
 e - a +0 leather armour (worn)
 f - a +0 pair of boots (worn)
Books
 b - a book of Conjurations

   Spells                             Type                      Level
   a - Magic Dart                     Conjuration                  1
   b - Searing Ray                    Conjuration                  2
   c - Dazzling Spray                 Conjuration/Hexes            3
   d - Fulminant Prism                Conjuration/Hexes            4
   e - Iskenderun's Mystic Blast      Conjuration                  4
   f - Iskenderun's Battlesphere      Conjuration/Charms           5


   Skills:
 - Level 1.5 Dodging
 - Level 1.6 Stealth
 - Level 2.0 Spellcasting
 + Level 4.2 Conjurations


You had 3 spell levels left.
You knew the following spells:

 Your Spells              Type           Power        Failure   Level  Hunger
a - Magic Dart            Conj           ##..         6%          1    N/A
Z - Searing Ray           Conj           ##....       10%         2    N/A

Dungeon Overview and Level Annotations

Branches:
Dungeon (2/15)

Altars:


Innate Abilities, Weirdness & Mutations

You do not eat or drink.
Your flesh is vulnerable to fire.
You are immune to poison.
Your flesh is cold resistant.
You are immune to negative energy.
You are immune to unholy pain and torment.
You can survive without breathing.


Message History

Aim: an adder (moderately wounded)
The magic dart hits the adder.
The adder is moderately wounded.
The adder bites you but does no damage. The adder bites you but does no damage.
The adder closely misses you. The adder bites you.
* * * LOW HITPOINT WARNING * * *
Casting: Magic Dart
Confirm with . or Enter, or press ? or * to list all spells.
Aiming: Magic Dart
Press: ? - help, Shift-Dir - straight line, f/p - adder
Aim: an adder (moderately wounded)
The magic dart hits the adder.
The adder is heavily wounded.
The adder bites you but does no damage. The adder misses you.
The adder bites you.
* * * LOW HITPOINT WARNING * * *
The adder bites you.
You die...

# ### ### ##
#######.############.###########.
................@Sh..............
#######.############.####.#####..
# #.# #......)...... # #.#
#.####.#####.. # ##.# #.#
#.#####.P #
#..############.####.......P #
#..##(.(...........#.####.♣♣ #
#..##.#########.##.#.# #.♣. #
###.......h............##


#PPP You could see an adder and a jackal.

Vanquished Creatures
  An ooze (D:1)
  3 dart slugs (D:1)
  A giant gecko (D:1)
  2 goblins (D:1)
  4 hobgoblins (D:1)
  7 jackals
  A giant newt (D:1)
  5 kobolds (D:1)
  3 rats (D:1)
27 creatures vanquished.

Notes
Turn   | Place    | Note
--------------------------------------------------------------
     0 | D:1      | Iskender the Mummy Conjurer began the quest for the Orb.
     0 | D:1      | Reached XP level 1. HP: 13/13 MP: 3/3
   230 | D:1      | Reached XP level 2. HP: 10/19 MP: 0/5
   234 | D:1      | Learned a level 2 spell: Searing Ray
   723 | D:1      | Reached skill level 4 in Conjurations
  1041 | D:1      | Reached XP level 3. HP: 24/24 MP: 4/6
  1520 | D:1      | HP: 1/24 [adder (4)]
  1523 | D:1      | Slain by an adder

Skill      XL: |  1  2 |
---------------+-------+-----
Conjurations   | 4 |  4.2
Dodging        | |  1.5
Stealth        | |  1.6
Spellcasting   | |  2.0

Action                   || total
-------------------------++-------
Melee: Mace              ||    31
Throw: Stone             ||    27
       Tomahawk          ||     3
 Cast: Magic Dart        ||    58
  Use: Scroll            ||     2
Armor: Robe              ||     2
       Leather armour    ||    11
Dodge: Dodged            ||    31
